AoeStats
← Iamak3186

Enclosed

504877058Analyzed
1v1 RM · 26d ago on Sep 6, 2026· 16m 41s· 2 players
Game mode
Random Map
Map size
Tiny (2 player)
Population
200
Speed
Normal
Resources
Standard
Victory
Conquest
Starting age
Dark Age
Ending age
Imperial Age
RankedLock teamsTeams togetherTeam positionsShared explorationLock speedFull tech treeHidden civsTurbo modeCheats
Victory
Defeat
🇺🇸 Armenians · United States
1203
+15
🇮🇳 Mongols · India
1186
-15
Iamak3186
7:42 Feudal Age
6:50 Loom
8:14 Double-Bit Axe
11:53 Fletching
15:27 Horse Collar
Embedded System
6:11 Loom
9:10 Feudal Age
9:18 Man-at-Arms
9:45 Double-Bit Axe
10:33 Long Swordsman
12:19 Arson
14:57 Horse Collar
17:08 Scale Mail Armor
Connection lost

Rejoining the realm…

Still unreachable

The connection could not be restored.

Session expired

The server has moved on; the page needs a fresh start.